 Dungeon Crawl Stone Soup version 0.29.1-2-gbd0b4ee654 (webtiles) character file.

Game seed: 17375876266193122179

200 croobank the Trooper (level 5, -2/47 HPs)
             Began as a Hill Orc Fighter on Nov 18, 2022.
             Was an Initiate of Beogh.
             Slain by a killer bee (3 damage)
             ... on level 4 of the Dungeon.
             The game lasted 00:06:58 (3214 turns).

croobank the Trooper (Hill Orc Fighter)             Turns: 3214, Time: 00:06:59

Health: -2/47      AC:  9    Str: 17 (19) XL:     5   Next: 79%
Magic:  5/5        EV:  9    Int:  6 (8)  God:    Beogh [......]
Gold:   87         SH:  5    Dex: 11 (12) Spells: 4/4 levels left

rFire   . . .      SeeInvis .   a - +0 war axe
rCold   . . .      Faith    .   c - +0 buckler
rNeg    . . .      Spirit   .   b - +0 scale mail
rPois   .          Reflect  .   (no helmet)
rElec   .          Harm     .   (no cloak)
rCorr   .          Rampage  .   l - +1 pair of gloves
Will    .....                   (no boots)
Stlth   ..........              (no amulet)
HPRegen 0.15/turn               (no ring)
MPRegen 0.09/turn               (no ring)

@: mighty, brilliant, lethally poisoned (-2 -> -11)
A: no striking features
a: Renounce Religion


You were on level 4 of the Dungeon.
You worshipped Beogh.
Beogh was noncommittal.
You visited 1 branch of the dungeon, and saw 4 of its levels.

You collected 87 gold pieces.

Inventory:

Hand Weapons
 a - a +0 war axe (weapon)
 h - a +1 dagger of draining
Armour
 b - a +0 scale mail (worn)
 c - a +0 buckler (worn)
 l - a +1 pair of gloves (worn)
Jewellery
 m - a ring of ice
Scrolls
 f - 2 scrolls of identify {unknown}
 g - 2 scrolls of magic mapping {unknown}
 i - a scroll of amnesia {unknown}
 n - a scroll of enchant armour {unknown}
Potions
 e - a potion of magic
 j - a potion of degeneration
 k - 3 potions of brilliance


   Skills:
 + Level 4.9 Fighting
 + Level 4.5 Axes
 + Level 4.4 Armour
 + Level 4.4 Shields


You had 4 spell levels left.
You didn't know any spells.
Your spell library contained the following spells:

 Spells                   Type           Power      Damage    Failure   Level
 Ignite Poison            Fire/Tmut/Pois 0%         N/A       99%         3
 Mephitic Cloud           Conj/Pois/Air  0%         N/A       99%         3
 Freezing Cloud           Conj/Ice/Air   0%         6-21      100%        5


Dungeon Overview and Level Annotations

Branches:
Dungeon (4/15)
 Temple: D:4-7

Altars:
Cheibriados

Annotations:
D:3 Sigmund


Message History

The killer bee stings you but does no damage.
The killer bee misses you. The killer bee stings you.
The killer bee stings you but does no damage.
You feel very mighty all of a sudden.
You feel sick. The killer bee misses you. The killer bee barely misses you.
You block the killer bee's attack.
The killer bee stings you but does no damage.
You miss the killer bee.
The killer bee is lightly wounded.
You slash the killer bee!
You feel sick. The killer bee stings you.
You are more poisoned.
The killer bee poisons you! The killer bee stings you.
The killer bee completely misses you. The killer bee misses you.
The killer bee stings you.
* * * LOW HITPOINT WARNING * * *
You are lethally poisoned!
The killer bee poisons you!
The killer bee stings you but does no damage.
It was a potion of brilliance.
You feel clever all of a sudden.
* * * LOW HITPOINT WARNING * * *
You feel very sick.
The killer bee stings you but does no damage. x2
You block the killer bee's attack. x2
It was a potion of degeneration.
There was something very wrong with that liquid.
You feel weakened.
You feel dopey.
You feel clumsy.
* * * LOW HITPOINT WARNING * * *
You feel very sick. The killer bee barely misses you.
The killer bee stings you.
* * * LOW HITPOINT WARNING * * *
The killer bee closely misses you. x2
Okay, then.
You closely miss the killer bee.
The killer bee is almost dead.
You hit the killer bee.
* * * LOW HITPOINT WARNING * * *
You feel very sick. The killer bee stings you.
You die...

# # # # # ###.##### ### #
#.......#.##.## #
#.............### #
###.......#.y.....#
####.##.#.#.###yy###......
##......#.....##@# ...##.
.................# ....
................## ....#
........##.....## ....
........###....# ..(.
...............#
....##.........#
#...)....##........
.#.#......###......


You could see 3 killer bees.

Vanquished Creatures
  2 iguanas
  Terence (D:2)
  A mummy (D:4)
  A gnoll (D:1)
  3 adders
  A worm (D:2)
  A dart slug (D:1)
  An orc (D:3)
  5 ball pythons
  4 bats
  7 endoplasms
  9 goblins
  5 hobgoblins
  4 jackals (D:1)
  2 quokkas
  7 frilled lizards
  9 kobolds
  8 rats
71 creatures vanquished.

Vanquished Creatures (others)
  A kobold (D:4)
  A plant (D:1)
2 creatures vanquished.

Grand Total: 73 creatures vanquished

Notes
Turn   | Place    | Note
-------+----------+-------------------------------------------
     0 | D:1      | croobank the Hill Orc Fighter began the quest for the Orb.
     0 | D:1      | Reached XP level 1. HP: 19/19 MP: 1/1
    43 | D:1      | Reached XP level 2. HP: 22/27 MP: 2/2
   575 | D:1      | Reached XP level 3. HP: 28/33 MP: 3/3
  1622 | D:1      | Reached XP level 4. HP: 39/41 MP: 4/4
  1710 | D:2      | Noticed Terence
  1713 | D:2      | Killed Terence
  1820 | D:2      | Reached XP level 5. HP: 44/47 MP: 5/5
  2009 | D:2      | Found a faded altar of an unknown god.
  2824 | D:3      | Noticed Sigmund
  2931 | D:4      | Found a snail-covered altar of Cheibriados.
  2936 | D:4      | Became a worshipper of Beogh the Brigand
  3214 | D:4      | HP: 1/47 [poisoned by a killer bee]
  3214 | D:4      | Slain by a killer bee

Illustrated notes

Levels and vault maps discovered:
D:1:      evilmike_arrival_plus, layout_basic, serial_forest,
          infiniplex_forest_straight_1, infiniplex_forest_lined_3_way,
          infiniplex_forest_zigzag_2, infiniplex_forest_lined_3_way,
          infiniplex_forest_lined_3, infiniplex_forest_lined_room_3,
          infiniplex_forest_zigzag_1
D:2:      layout_basic, chequers_ecumenical_altar_twisty, uniq_terence
D:3:      layout_basic, nicolae_qazlal_scattered_showers,
          nemelex_diamond_rough_becter, feat_on_display, uniq_sigmund
D:4:      layout_cave_pools, slow_altar_1, minmay_pentangle, uniq_ijyb,
          uniq_blork_the_orc, uniq_grinder

Skill      XL: |  1  2  3  4 |
---------------+-------------+-----
Axes           | 3 4 |  4.5
Fighting       | 4 |  4.9
Shields        | 4 |  4.4
Armour         | 4 |  4.4

Action                   |  1- 3 |  4- 6 || total
-------------------------+-------+-------++-------
Melee: War axe           |   121 |   124 ||   245
Invok: Convert to Beogh  |       |     1 ||     1
  Use: Potion            |     2 |     3 ||     5
       Scroll            |     2 |       ||     2
Armor: Scale mail        |    58 |    71 ||   129
Dodge: Dodged            |    51 |    73 ||   124
Block: Buckler           |    26 |    33 ||    59
